 Dungeon Crawl Stone Soup version 0.28-a0-1184-g53156a8862 (webtiles) character file.

Game seed: 15963321439138329105

196 siradein the Caller (level 5, -6/28 HPs)
             Began as a Tengu Summoner on Dec 17, 2021.
             Mangled by Duvessa (11 damage)
             ... on level 4 of the Dungeon.
             The game lasted 00:06:31 (3937 turns).

siradein the Caller (Tengu Summoner)                Turns: 3937, Time: 00:06:31

Health: -6/28      AC:  3    Str:  8    XL:     5   Next: 74%
Magic:  2/10       EV: 14    Int: 18    God:
Gold:   102        SH:  0    Dex: 14    Spells: 0/10 levels left

rFire   . . .      SeeInvis .   q - +0 trident (freeze)
rCold   . . .      Faith    .   (no shield)
rNeg    . . .      Spirit   .   o - +0 leather armour
rPois   .          Reflect  .   (helmet restricted)
rElec   .          Harm     .   (no cloak)
rCorr   .          Rampage  .   (no gloves)
Will    .....                   (boots unavailable)
Stlth   ++........              (no amulet)
HPRegen 0.09/turn               (no ring)
MPRegen 0.12/turn               (no ring)

@: flying quickly and evasively, quick
A: beak, talons 3, nimble flight
a: no special abilities


You were on level 4 of the Dungeon.
You visited 1 branch of the dungeon, and saw 4 of its levels.

You collected 102 gold pieces.

Inventory:

Hand Weapons
 q - a +0 trident of freezing (weapon)
Missiles
 l - a throwing net
Armour
 o - a +0 leather armour (worn)
Scrolls
 a - a scroll of brand weapon {unknown}
 b - 2 scrolls of teleportation {unknown}
 e - a scroll of identify {unknown}
 h - a scroll of magic mapping {unknown}
 k - a scroll of fog {unknown}
 m - a scroll of vulnerability {unknown}
 p - a scroll of acquirement {unknown}
Potions
 c - a potion of heal wounds {unknown}
 d - 2 potions of degeneration {unknown}
 f - a potion of haste
 g - a potion of lignification {unknown}
 i - a potion of resistance {unknown}
 j - a potion of attraction {unknown}
 n - a potion of might {unknown}


   Skills:
 - Level 2.1 Dodging
 - Level 2.0 Stealth
 + Level 3.3 Spellcasting
 * Level 7.1 Summonings
 + Level 1.3 Air Magic


You couldn't memorise any spells.
You knew the following spells:

 Your Spells              Type           Power      Damage    Failure   Level
a - Summon Small Mammal   Summ           100%       N/A       1%          1
b - Call Imp              Summ           28%        N/A       1%          2
c - Call Canine Familiar  Summ           28%        N/A       3%          3
d - Summon Lightning Spi  Summ/Air       18%        N/A       36%         4

Your spell library contained the following spells:

 Spells                   Type           Power      Damage    Failure   Level
 Summon Guardian Golem    Hex/Summ       15%        N/A       16%         3
 Malign Gateway           Summ/Tloc      7%         N/A       100%        7
 Summon Horrible Things   Summ           14%        N/A       100%        8


Dungeon Overview and Level Annotations

Branches:
Dungeon (4/15)
 Temple: D:4-7

Altars:
Fedhas

Shops:
D:1 !

Annotations:
D:4 Duvessa


Innate Abilities, Weirdness & Mutations

You have a beak for a mouth.
You have claws for feet.
Your magical nature lets you fly swiftly and evasively.


Message History

You hear a shout!
You hear a shout! x2
You hear a bark!
You see here 4 large rocks.
You hear a bark!
You hear a bark!
You hear a shout!
You hear a bark!
Casting: Call Imp (safe; 1% risk of failure)
Confirm with . or Enter, or press ? or * to list all spells.
Duvessa misses you.
A hound comes into view.
Duvessa closely misses you.
You swap places.
Your hound bites Duvessa but does no damage.
Duvessa hits your hound with a +0 short sword.
Your hound bites Duvessa but does no damage.
Duvessa hits your hound with a +0 short sword!
Your hound dies!
Your hound's corpse disappears in a puff of smoke!
Duvessa rages.
Things that are here:
a +0 robe; a +0 dagger; the elf corpse of Dowan
Casting: Call Canine Familiar (dangerous; 3% risk of failure)
Confirm with . or Enter, or press ? or * to list all spells.
Duvessa hits you with a +0 short sword!!
Ouch! That really hurt!
* * * LOW HITPOINT WARNING * * *
You swap places.
Duvessa barely misses your hound.
Your hound bites Duvessa.
Duvessa hits your hound with a +0 short sword!
Your hound barely misses Duvessa.
Duvessa hits your hound with a +0 short sword!!
Your hound dies!
Your hound's corpse disappears in a puff of smoke!
Duvessa rages.
Casting: Call Canine Familiar (dangerous; 3% risk of failure)
Confirm with . or Enter, or press ? or * to list all spells.
A beastly little devil appears in a puff of flame.
Duvessa hits you with a +0 short sword!
You die...

#.#
#.#
#[#
#h#
#.#
#g#
#.#
#e#
#@#
#5#
#.#
#.#
#)#
#)#
#<#
###


You could see Duvessa (berserk, ally target), a hound, a gnoll and a friendly
crimson imp (summoned).

Vanquished Creatures
  An adder (D:4)
  A worm (D:3)
  A dart slug (D:1)
  3 orcs (D:3)
  3 endoplasms
  3 giant cockroaches (D:1)
  3 goblins
  3 hobgoblins
  6 ball pythons
  2 bats (D:1)
  4 frilled lizards
  4 kobolds
  4 rats
38 creatures vanquished.

Vanquished Creatures (collateral kills)
  Dowan (D:4)
  An orc priest (D:3)
  A gnoll (D:4)
  2 adders (D:2)
  2 dart slugs
  8 orcs (D:3)
  2 ball pythons
  2 endoplasms
  A giant cockroach (D:3)
  A goblin (D:1)
  A hobgoblin (D:1)
  A frilled lizard (D:1)
  2 kobolds (D:1)
  A rat (D:1)
26 creatures vanquished.

Vanquished Creatures (others)
  2 plants (D:2)
2 creatures vanquished.

Grand Total: 66 creatures vanquished

Notes
Turn   | Place    | Note
-------+----------+-------------------------------------------
     0 | D:1      | siradein the Tengu Summoner began the quest for the Orb.
     0 | D:1      | Reached XP level 1. HP: 10/10 MP: 4/4
   319 | D:1      | Reached skill level 5 in Summonings
   564 | D:1      | Reached XP level 2. HP: 15/15 MP: 4/6
   569 | D:1      | Learned a level 2 spell: Call Imp
   997 | D:1      | Reached XP level 3. HP: 19/19 MP: 4/7
  1001 | D:1      | Learned a level 3 spell: Call Canine Familiar
  1168 | D:1      | Found a faded altar of an unknown god.
  1458 | D:1      | Found Cagg's Distillery.
  1999 | D:2      | Reached skill level 6 in Summonings
  2001 | D:2      | Reached XP level 4. HP: 22/24 MP: 5/9
  3425 | D:3      | Gained mutation: Your magical nature lets you fly swiftly
                  | and evasively. [Tengu growth]
  3425 | D:3      | Reached XP level 5. HP: 26/28 MP: 7/10
  3530 | D:3      | Found a blossoming altar of Fedhas.
  3615 | D:3      | Learned a level 4 spell: Summon Lightning Spire
  3738 | D:4      | Noticed Duvessa
  3756 | D:4      | Noticed Dowan
  3799 | D:4      | Killed Dowan
  3800 | D:4      | Reached skill level 7 in Summonings
  3800 | D:4      | Reached skill level 1 in Air Magic
  3937 | D:4      | Mangled by Duvessa

Illustrated notes

Levels and vault maps discovered:
D:1:      dpeg_arrival_central, layout_basic, serial_shops, shop,
          hellmonk_ecumenical_altar_inner_sanctum
D:2:      cheibrodos_old_hovel, layout_loops_ring,
          chequers_serial_rivers_micro_a
D:3:      layout_rooms, mainiacjoe_overflow_concentric_impassable
D:4:      layout_basic, mainiacjoe_overflow_boulevard, uniq_duvessa,
          uniq_natasha

Skill      XL: |  1  2  3  4  5 |
---------------+----------------+-----
Summonings     | 5 6 7 |  7.1
Spellcasting   | 3 |  3.3
Air Magic      | 1 |  1.3
Dodging        | |  2.1
Stealth        | |  2.0

Action                   |  1- 3 |  4- 6 || total
-------------------------+-------+-------++-------
Melee: Dagger            |    35 |    25 ||    60
       Kick              |     8 |     4 ||    12
       Peck              |     7 |     3 ||    10
       Unarmed           |     1 |       ||     1
       Trident           |       |    17 ||    17
 Cast: Summon Small Mamm |     6 |       ||     6
       Call Imp          |     9 |    15 ||    24
       Call Canine Famil |       |     8 ||     8
 Stab: Sleeping          |    10 |       ||    10
Armor: Robe              |     3 |     1 ||     4
       Leather armour    |       |     6 ||     6
Dodge: Dodged            |    13 |    20 ||    33

Table legend: (Time is in decaauts)
 A = Elapsed time spent in this place.
 B = Non-inter-level travel time spent in this place.
 C = Inter-level travel time spent in this place.
 D = Time resting spent in this place.
 E = Time spent auto-exploring this place.
 F = Levels seen in this place.
 G = Mean time per level.
                   A        B        C        D        E       F      G
               +--------+--------+--------+--------+--------+-----+--------+
         Total |   3910 |   3852 |     58 |    344 |   2921 |   4 |  977.5 |
       Dungeon |   3910 |   3852 |     58 |    344 |   2921 |   4 |  977.5 |
               +--------+--------+--------+--------+--------+-----+--------+

Top non-repeatable levels by time:
     D:1: 1617 daAuts
     D:2: 1126 daAuts
     D:3: 902 daAuts
     D:4: 263 daAuts
